Map: Ephemeron LE

Players

Djorn

  • Race: Protoss Protoss
  • League: Bronze
  • Spawn Location: 5:00

HelixOxford - Winner!

  • Race: Protoss Protoss
  • League: Silver
  • Spawn Location: 11:00

VOD

Have the link to the VOD?

Description

Time

  • Played on: Aug. 26, 2019, 9:36 a.m.
  • Length: 13:36
Show
View Real Time Build Order
Export as new Build Order

Djorn Protoss 

Build Orders:  

Get SALT Encoding   

  12  0:01  Probe  
  13  0:16  Pylon  
  13  0:19  Probe  
  14  0:30  Probe  
  15  0:38  Probe  
  15  0:40  Gateway  
  16  0:46  Probe  
  16  0:51  Assimilator  
  17  0:57  Probe  
  18  1:12  Gateway  
  18  1:17  Probe  
  19  1:29  Probe  
  20  1:36  Cybernetics Core  
  20  1:41  Probe  
  21  1:53  Probe  
  22  1:58  Pylon  
  22  2:05  Probe  
  22  2:06  Warp Gate, Pylon  
  23  2:23  Robotics Facility  
  23  2:24  Zealot  
  25  2:35  Assimilator  
  24  3:13  Observer  
  25  3:26  Probe  
  26  3:29  Immortal  
  26  3:39  Probe  
  31  3:51  Probe  
  32  3:59  Pylon  
  32  4:02  Pylon  
  32  4:15  Twilight Council  
  32  4:54  Warp Prism  
  32  4:56  Gateway  
  32  4:58  Gateway  
  34  5:01  Gateway  
  34  5:29  Dark Shrine  
  34  5:37  Immortal  
  38  5:54  Nexus  
  38  5:55  Stalker x2  
  38  5:56  Stalker  
  44  6:07  Pylon  
  44  6:08  Pylon  
  44  6:15  Immortal  
  44  6:24  Forge  
  48  6:25  Forge  
  48  6:30  Charge  
  48  6:55  Immortal  
  48  6:57  Zealot x4  
  60  7:09  Gateway  
  60  7:13  Probe  
  61  7:25  Probe  
  61  7:26  Probe  
  63  7:38  Probe x2  
  65  7:44  Zealot  
  65  7:45  Zealot  
  65  7:50  Probe  
  65  7:51  Probe  
  71  8:11  Stalker x4  
  77  8:26  Dark Templar x2  
  61  8:58  Warp Prism  
  63  9:07  Dark Templar x4  
  71  9:13  Shadow Stride  
  67  9:36  Immortal  
  71  9:44  Protoss Ground Weapons Level 1  
  71  9:51  Protoss Ground Armor Level 1  
  71  10:05  Nexus  
  71  10:10  Assimilator  
  71  10:17  Assimilator  
  71  10:23  Stalker x2  
  75  10:38  Archon  
  75  10:39  Archon  
  75  10:54  Dark Templar  
  77  10:58  Dark Templar  
  79  11:14  Zealot x3  
  79  11:17  Nexus  
  85  11:45  Probe  
  85  11:53  Probe  
  86  11:58  Assimilator  
  87  12:02  Probe  
  87  12:03  Assimilator  
  87  12:07  Pylon  
  88  12:14  Probe  
  89  12:17  Dark Templar x3  
  89  12:18  Dark Templar  
  97  12:22  Zealot  
  97  12:23  Zealot  
  97  12:26  Probe  
  97  12:27  Probe  
  102  12:34  Probe  
  102  12:35  Probe  
  103  12:43  Probe  
  105  12:44  Probe  
  105  12:49  Immortal  
  111  12:53  Probe  
  111  12:56  Probe  
  85  13:05  Probe  
  52  13:06  Zealot  
  52  13:07  Zealot x4  
  52  13:08  Probe  
  51  13:25  Photon Cannon  
  45  13:27  Photon Cannon  
  45  13:28  Photon Cannon  
  45  13:31  Photon Cannon  
Show
View Real Time Build Order
Export as new Build Order

HelixOxford Protoss - Winner!

Build Orders: Zealot Archon 

Get SALT Encoding   

  12  0:01  Probe  
  13  0:14  Probe  
  14  0:17  Pylon  
  14  0:23  Probe  
  15  0:31  Probe  
  15  0:40  Gateway  
  16  0:45  Assimilator  
  16  0:46  Probe  
  17  1:07  Pylon  
  17  1:08  Probe  
  18  1:16  Probe  
  18  1:24  Probe  
  19  1:25  Assimilator  
  19  1:31  Cybernetics Core  
  20  1:36  Probe  
  21  1:48  Probe  
  22  2:00  Probe  
  23  2:10  Stalker  
  23  2:12  Probe  
  26  2:23  Warp Gate  
  26  2:31  Gateway  
  26  2:34  Probe  
  27  2:42  Nexus  
  27  2:46  Probe  
  28  3:12  Robotics Facility  
  28  3:21  Gateway, Twilight Council  
  28  3:26  Gateway  
  28  3:31  Shield Battery  
  28  3:33  Stalker  
  30  3:41  Probe  
  31  3:49  Probe, Stalker  
  34  3:57  Probe  
  34  3:58  Probe  
  34  4:00  Charge  
  36  4:09  Probe  
  37  4:17  Pylon  
  37  4:20  Pylon  
  37  4:22  Probe x2  
  39  4:24  Forge  
  39  4:34  Pylon, Probe x2  
  39  4:37  Pylon  
  41  4:53  Templar Archives, Probe  
  41  4:54  Probe  
  41  4:59  Photon Cannon  
  43  5:02  Protoss Ground Weapons Level 1  
  43  5:05  Probe  
  43  5:06  Probe  
  45  5:15  Photon Cannon  
  45  5:18  Probe  
  45  5:20  Photon Cannon  
  46  5:22  Probe  
  46  5:25  Assimilator  
  47  5:31  High Templar x2  
  51  5:35  Archon  
  51  5:43  Zealot x2  
  55  5:59  Warp Prism  
  57  6:06  Assimilator  
  57  6:39  Nexus  
  57  6:40  High Templar x2  
  57  6:44  Archon  
  61  6:48  Pylon  
  61  6:50  Pylon, Zealot  
  61  6:51  Zealot  
  65  6:54  Pylon  
  65  7:08  Immortal, Protoss Ground Armor Level 1  
  69  7:31  Stalker  
  69  7:32  Stalker x3  
  75  7:48  Immortal  
  73  8:01  Zealot x2  
  73  8:02  Zealot x2  
  72  8:26  Immortal  
  70  8:43  High Templar x2  
  70  8:44  High Templar  
  70  8:47  High Templar  
  68  8:59  Observer, Archon  
  68  9:00  Archon  
  69  9:19  Zealot x4  
  77  9:30  Probe  
  77  9:33  Probe x2  
  80  9:38  Probe  
  80  9:43  Zealot x4  
  80  9:45  Probe x2  
  91  9:47  Probe  
  91  9:48  Protoss Ground Weapons Level 2  
  92  9:57  Probe x2  
  95  10:00  Probe  
  95  10:07  Gateway  
  95  10:09  Gateway, Probe x2  
  95  10:12  Gateway, Probe  
  98  10:14  Gateway x2  
  98  10:17  Zealot x2  
  98  10:18  Zealot x2  
  98  10:20  Forge  
  106  10:21  Probe x2  
  106  10:27  Pylon  
  108  10:29  Pylon  
  108  10:31  Pylon  
  108  10:33  Pylon  
  108  10:40  Immortal  
  108  10:46  Zealot  
  108  10:47  Zealot x3  
  120  11:12  Zealot x4  
  120  11:13  Zealot  
  120  11:14  High Templar  
  120  11:15  High Templar  
  120  11:17  Zealot x2  
  138  11:19  Immortal  
  142  11:27  Archon  
  142  12:13  Zealot x3  
  148  12:20  Pylon  
  148  12:22  Pylon  
  148  12:30  Pylon  
  148  12:31  Pylon  
  148  12:32  Pylon  
  148  12:40  Observer  
  148  12:41  Zealot  
  148  12:42  Zealot x4  
  148  12:43  Zealot x3  
  158  13:12  Zealot  
  158  13:13  Zealot x4  
  158  13:14  Zealot x2  
  172  13:23  Zealot  
  172  13:24  Zealot  
Tags
 
Composition
Zealot Archon
Matchup
PvP
Replay Pack
sc2replays
Spawn Locations
Cross Positions
Add a new tag
Caveats
  • Supply blocks, unpowered buildings, or Contaminate may cause inaccurate times.
  • Supply counts are checked every 10 seconds.